 Dungeon Crawl Stone Soup version 0.30-a0-603-g51a0fb1b98 (webtiles) character file.

Game seed: 1500256748251476679

119 Leeroy the Ruffian (level 4, -9/35 HPs)
             Began as a Draconian Transmuter on Jan 7, 2023.
             Killed by divine providence
             ... invoked by an orc priest
              (16 damage)
             ... on level 3 of the Dungeon.
             The game lasted 00:02:42 (1857 turns).

Leeroy the Ruffian (Draconian Transmuter)           Turns: 1857, Time: 00:02:42

Health: -9/35      AC:  2    Str: 13    XL:     4   Next: 73%
Magic:  4/7        EV: 19    Int: 15    God:
Gold:   131        SH:  0    Dex: 16    Spells: 1/7 levels left

rFire   . . .      SeeInvis .      - Unarmed
rCold   . . .      Faith    .    (shield currently unavailable)
rNeg    . . .      Spirit   .    (body armour unavailable)
rPois   x          Reflect  .    (helmet currently unavailable)
rElec   .          Harm     .    (cloak currently unavailable)
rCorr   .          Rampage  .    (gloves currently unavailable)
Will    +....                    (boots currently unavailable)
Stlth   +                        (no amulet)
HPRegen 0.25/turn                o - ring of willpower
MPRegen 0.10/turn                (no ring)

@: spider-form (expiring)
A: venomous fangs, AC +5, tiny, unfitting armour, (cold-blooded)
a: End Transformation


You were on level 3 of the Dungeon.
You were a venomous arachnid creature.
You visited 1 branch of the dungeon, and saw 3 of its levels.

You collected 131 gold pieces.

Inventory:

Hand Weapons
 n - the +2 sling "Luisoq" {drain, Fly rC++ Str-3 Stlth-}
   (You found it on level 2 of the Dungeon)

   Str:       It affects your strength (-3).
   rC:        It greatly protects you from cold.
   Fly:       It grants you flight.
   Stlth:     It makes you less stealthy.
Missiles
 j - 4 poisoned darts
Jewellery
 o - a ring of willpower (left front leg)
Scrolls
 c - a scroll of poison {unknown}
 e - 7 scrolls of identify {unknown}
 g - a scroll of teleportation {unknown}
 k - a scroll of magic mapping {unknown}
 l - a scroll of noise {unknown}
 m - a scroll of vulnerability {unknown}
 p - a scroll of immolation {unknown}
Potions
 a - a potion of lignification
 b - 4 potions of curing {unknown}
 d - 2 potions of haste
 f - 3 potions of heal wounds {unknown}
 h - 3 potions of might {unknown}
 i - a potion of degeneration {unknown}
 q - a potion of brilliance {unknown}
 r - a potion of flight {unknown}


   Skills:
 - Level 1.1 Fighting
 - Level 1.7 Dodging
 + Level 5.5 Unarmed Combat
 - Level 2.0 Spellcasting
 - Level 2.0 Transmutations


You had one spell level left.
You knew the following spells:

 Your Spells              Type           Power      Damage    Failure   Level
a - Beastly Appendage     Tmut           14%        N/A       24%         1
b - Spider Form           Tmut/Pois      4%         N/A       63%         3
c - Wereblood             Tmut           7%         N/A       32%         2

Your spell library contained the following spells:

 Spells                   Type           Power      Damage    Failure   Level
 Summon Small Mammal      Summ           4%         N/A       43%         1
 Call Canine Familiar     Summ           1%         N/A       75%         3
 Summon Guardian Golem    Hex/Summ       1%         N/A       75%         3
 Ice Form                 Ice/Tmut       4%         N/A       93%         4


Dungeon Overview and Level Annotations

Branches:
Dungeon (3/15)

Altars:


Innate Abilities, Weirdness & Mutations

You are a venomous arachnid creature.
You have poisonous fangs.
You are tiny and dextrous.
Your spellcasting is less reliable in this form.
Your armour is entirely melded.
You are incapable of wielding weapons or throwing items.
((Your plain brown scales are hard. (AC +5)))
You cannot fit into any form of body armour.
((You are cold-blooded and may be slowed by cold attacks.))


Message History

You closely miss the orc. You tail-slap the orc.
The orc is heavily wounded.
The orc hits you but does no damage. x2
You completely miss the orc.
The orc is heavily wounded.
The orc closely misses you. x2
You barely miss the orc. You tail-slap the orc.
The orc is severely wounded.
The orc hits you with a +0 short sword.
The orc hits you from afar with a +0 trident.
You hit the orc but do no damage.
The orc is severely wounded.
The orc hits you but does no damage.
The orc hits you from afar with a +0 trident.
Casting: Beastly Appendage (safe; 10% risk of failure)
Confirm with . or Enter, or press ? or * to list all spells.
The spell is quite dangerous to miscast (41% risk of failure)!
Continue anyway?
You turn into a venomous arachnid creature.
The orc closely misses you. The orc misses you.
You hit the orc but do no damage.
The orc is severely wounded.
The orc closely misses you.
The orc priest calls down the wrath of Beogh upon you.
Beogh smites you!
* * * LOW HITPOINT WARNING * * *
The orc closely misses you.
You hit the orc but do no damage.
The orc is poisoned.
The orc is severely wounded.
You hit the orc but do no damage.
The orc looks as sick as possible!
The orc is almost dead.
You kill the orc!
The orc closely misses you. The orc misses you.
Things that are here:
a +0 short sword; 3 boomerangs; a +0 chain mail You barely miss the orc.
Your transformation is almost over.
The orc priest calls down the wrath of Beogh upon you.
Beogh smites you!
You die...

##### ....
#o. #o#
#s########
#.#......#
#)#.......
#.'.......
####.#.......
#....#.......
+....'$......
#....#######.
+....'.#####


You could see an orc priest and an orc.

Vanquished Creatures
  5 adders (D:2)
  A worm (D:2)
  A dart slug (D:2)
  2 orcs (D:3)
  2 bats
  5 endoplasms
  2 giant cockroaches (D:2)
  4 hobgoblins
  5 jackals (D:2)
  6 kobolds
  4 quokkas
  8 ball pythons
  3 frilled lizards (D:2)
  8 goblins
  5 rats
61 creatures vanquished.

Notes
Turn   | Place    | Note
-------+----------+-------------------------------------------
     0 | D:1      | Leeroy the Draconian Transmuter began the quest for the
                  | Orb.
     0 | D:1      | Reached XP level 1. HP: 16/16 MP: 3/3
   157 | D:1      | Reached XP level 2. HP: 23/23 MP: 5/5
   444 | D:1      | Reached skill level 4 in Unarmed Combat
   740 | D:2      | Reached XP level 3. HP: 22/28 MP: 6/6
  1179 | D:2      | Reached XP level 4. HP: 20/35 MP: 7/7
  1181 | D:2      | Identified the +2 sling "Luisoq" {drain, Fly rC++ Str-3
                  | Stlth-}
  1243 | D:2      | Reached skill level 5 in Unarmed Combat
  1499 | D:2      | Learned a level 3 spell: Spider Form
  1502 | D:2      | Learned a level 2 spell: Wereblood
  1857 | D:3      | Killed from afar by an orc priest

Illustrated notes

Levels and vault maps discovered:
D:1:      minmay_arrival_up_and_down, layout_rooms, minmay_misc_feat_alley,
          chequers_decorated_corner, reono_crystal_passage, interstate_on_off,
          minmay_domino_2
D:2:      layout_basic, minmay_divided_ellipse
D:3:      layout_basic, amcnicky_mini_rare_corridor_liquid

Skill      XL: |  1  2  3  4 |
---------------+-------------+-----
Unarmed Combat | 4 5 |  5.5
Fighting       | |  1.1
Dodging        | |  1.7
Spellcasting   | |  2.0
Transmutations | |  2.0

Action                   |  1- 3 |  4- 6 || total
-------------------------+-------+-------++-------
Melee: Unarmed           |   137 |    79 ||   216
       Tailslap          |    11 |    12 ||    23
       Punch             |     1 |       ||     1
       Kick              |     6 |       ||     6
       Headbutt          |     2 |     3 ||     5
 Cast: Beastly Appendage |     3 |     1 ||     4
       Spider Form       |       |     1 ||     1
Armor: Skin              |    57 |    20 ||    77
Dodge: Dodged            |   104 |    41 ||   145

Table legend: (Time is in decaauts)
 A = Elapsed time spent in this place.
 B = Non-inter-level travel time spent in this place.
 C = Inter-level travel time spent in this place.
 D = Time resting spent in this place.
 E = Time spent auto-exploring this place.
 F = Levels seen in this place.
 G = Mean time per level.
                   A        B        C        D        E       F      G
               +--------+--------+--------+--------+--------+-----+--------+
         Total |   1838 |   1737 |    101 |    166 |   1160 |   3 |  612.7 |
       Dungeon |   1838 |   1737 |    101 |    166 |   1160 |   3 |  612.7 |
               +--------+--------+--------+--------+--------+-----+--------+

Top non-repeatable levels by time:
     D:2: 1039 daAuts
     D:1: 715 daAuts
     D:3: 84 daAuts
